 Dungeon Crawl Stone Soup version 0.31.0-12-g77e489cdc1 (webtiles) character file.

Game seed: 11685527003405456093

154 KennySheep the Chopper (level 5, 0/47 HPs)
             Began as a Hill Orc Monk on Mar 3, 2024.
             Was an Initiate of Gozag.
             Succumbed to an adder's poison
             ... in a sewer.
             The game lasted 00:05:54 (1952 turns).

KennySheep the Chopper (Hill Orc Monk)              Turns: 1952, Time: 00:05:55

Health: 0/47       AC:  7    Str: 16    XL:     5   Next: 35%
Magic:  10/14      EV:  7    Int: 10    God:    Gozag
Gold:   111        SH:  0    Dex: 13    Spells: 4/4 levels left

rFire   . . .        a - +1 hand axe (chaos)
rCold   . . .        d - orb {light}
rNeg    . . .        l - +1 scale mail
rPois   .            (no helmet)
rElec   .            (no cloak)
rCorr   .            (no gloves)
SInv    .            (no boots)
Will    .....        (no amulet) Stlth
                     h - ring of magical power
HPRegen 0.27/turn    (no ring)
MPRegen 0.14/turn

%: no passive effects
@: brilliant, lethally poisoned (0 -> -5), attractive, hasted, glowing,
constricted, quick
A: no striking features
a: Renounce Religion, Potion Petition, Call Merchant, Bribe Branch


You were in a sewer.
You worshipped Gozag.
Gozag was aware of your devotion.
You visited 1 branch of the dungeon, and saw 3 of its levels.
You also visited: Sewer.

You collected 405 gold pieces.
You paid 294 gold pieces to Gozag.

Inventory:

Hand Weapons
 a - a +1 hand axe of chaos (weapon)
Armour
 d - an orb of light (worn)
 f - a +0 helmet of intelligence
 l - a +1 scale mail (worn)
Jewellery
 h - a ring of magical power (left hand)
Scrolls
 e - a scroll of teleportation
 m - a scroll of enchant weapon
Potions
 b - a potion of berserk rage
 c - a potion of ambrosia
 j - a potion of haste {unknown}


   Skills:
 + Level 4.7 Fighting
 * Level 6.2 Axes
 + Level 2.3 Armour
 - Level 2.4 Dodging


You had 4 spell levels left.
You didn't know any spells.
Your spell library was empty.

Dungeon Overview and Level Annotations

Branches:
Dungeon (3/15)              Sewer (1/1)

Altars:
Dithmenos
Gozag
Hepliaklqana
Okawaru
Xom
Zin
The Shining One


Message History

You feel your power leaking away. The adder barely misses you.
You feel sick. The adder bites you.
The adder bites you but does no damage. x2
You feel sick. The adder attacks as it pursues you!
The adder closely misses you. The adder barely misses you.
You feel sick. The adder bites you.
* * * LOW HITPOINT WARNING * * *
The adder bites you.
* * * LOW HITPOINT WARNING * * *
You are more poisoned.
The adder poisons you! The adder bites you but does no damage.
The ball python bites you but does no damage.
The ball python completely misses you.
Okay, then.
You feel sick. The adder closely misses you. x2
The adder bites you but does no damage.
You feel sick. The adder barely misses you.
The adder bites you but does no damage. The ball python bites you.
* * * LOW HITPOINT WARNING * * *
The ball python grabs you. The ball python constricts you.
The adder bites you but does no damage.
The adder barely misses you. [a] - 294 gold - haste and brilliance [b] - 572 gold - resistance, invisibility and might [c] - 435 gold - haste and enlightenment Purchase which effect?
You no longer have enough gold to petition Gozag for potion effects.
You feel yourself speed up.
You feel clever all of a sudden.
You feel sick.
You are no longer poisoned.
The ball python bites you but does no damage.
The ball python constricts you. The adder bites you.
* * * LOW HITPOINT WARNING * * *
You are lethally poisoned!
The adder poisons you! The adder bites you.
* * * LOW HITPOINT WARNING * * *
It was a potion of attraction.
You feel attractive to monsters.
You die...
Your body crumbles into a pile of gold.

#~ #~ #~≈ ≈≈ #.≈. .≈≈
#~≈~################~≈≈
#~≈~~~~~~~~~~~~~~~~~~≈≈
#~≈≈≈≈≈≈≈≈≈S≈≈≈≈≈≈≈≈≈≈≈
#~~~~~~~~~@S~~~~~~~~≈≈≈
#≈≈≈###.~~#S###w≈~##≈≈≈
#≈ #.~.### #~≈~# #~~.#
#~≈~# ##~.## #~≈~#
#...# #~≈~# ##..# #w≈w#
##..## #~≈~# ##....#
#.≈~#


You could see a brain worm, 2 adders and a ball python.

Vanquished Creatures
  8 adders
  A ribbon worm (D:3)
  2 dart slugs
  2 orcs (D:3)
  4 bats
  6 endoplasms
  7 giant cockroaches
  3 goblins
  9 hobgoblins
  2 jackals (D:3)
  3 quokkas
  10 ball pythons
  3 frilled lizards
  6 kobolds
  4 rats (D:2)
70 creatures vanquished.

Notes
Turn   | Place    | Note
-------+----------+-------------------------------------------
     0 | D:1      | KennySheep the Hill Orc Monk began the quest for the Orb.
     0 | D:1      | Reached XP level 1. HP: 19/19 MP: 1/1
    63 | D:1      | Reached XP level 2. HP: 26/27 MP: 2/2
   179 | D:1      | Reached skill level 1 in Armour
   265 | D:1      | Found a faded altar of an unknown god.
   272 | D:1      | Prayed at the altar of an unknown god.
   272 | D:1      | Became a worshipper of Gozag Ym Sagoz the Greedy
   341 | D:1      | Reached XP level 3. HP: 29/33 MP: 3/3
   603 | D:2      | Reached skill level 5 in Axes
   723 | D:2      | Identified the staff "Rucus" {rPois rN+ MP+9 Str-4 SInv
                  | Necro}
   943 | D:2      | Reached XP level 4. HP: 39/40 MP: 4/4
  1495 | D:3      | Found a glowing golden altar of the Shining One.
  1575 | D:3      | Found a shadowy altar of Dithmenos.
  1636 | D:3      | Reached XP level 5. HP: 44/47 MP: 5/5
  1663 | D:3      | Found a hazy altar of Hepliaklqana.
  1668 | D:3      | Found a glowing silver altar of Zin.
  1671 | D:3      | Found an iron altar of Okawaru.
  1674 | D:3      | Found a shimmering altar of Xom.
  1868 | D:3      | Reached skill level 6 in Axes
  1883 | D:3      | Found a glowing drain.
  1890 | Sewer    | Entered a sewer
  1951 | Sewer    | HP: 1/47 [adder (2)]
  1952 | Sewer    | Succumbed to an adder's poison

Illustrated notes

Levels and vault maps discovered:
D:1:      minmay_arrival_open_corners, layout_rooms,
          ebering_ecumenical_altar_hall, hangedman_abyss_or_decor_lesser_grid,
          serial_bayou_pond_e
D:2:      minmay_kobold_bridge, layout_loops_ring
D:3:      layout_basic, tso_metal_star, grunt_dithmenos_smoke_and_mirrors,
          grunt_temple_overflow_cloverleaf,
          mainiacjoe_sewer_entry_somewhere_in_here_2, serial_shops,
          nicolae_shop_overgrown_old_shop
Sewer:    sewer_fruit_machine

Skill      XL: |  1  2  3  4  5 |
---------------+----------------+-----
Armour         | 1 2 |  2.3
Fighting       | 4 |  4.7
Axes           | 5 6 |  6.2
Dodging        | |  2.4

Action                     |  1- 3 |  4- 6 || total
---------------------------+-------+-------++-------
  Melee: Hand axe          |   116 |    92 ||   208
 Invoke: Potion Petition   |       |     1 ||     1
    Use: Scroll            |       |    11 ||    11
         Potion            |       |     1 ||     1
   Stab: Confused          |       |     1 ||     1
         Petrifying        |       |     1 ||     1
 Armour: Robe              |    20 |       ||    20
         Ring mail         |    30 |       ||    30
         Scale mail        |    15 |    73 ||    88
  Dodge: Dodged            |    49 |    66 ||   115
